 Dungeon Crawl Stone Soup version 0.32-a0-666-ge8a88695a4 (webtiles) character file.

Game seed: 2352609478150474555

153631 BubbleThief the Warrior (level 17, -42/148 HPs)
             Began as a Barachi Ice Elementalist on Mar 10, 2024.
             Was the Champion of Cheibriados.
             Annihilated by a nagaraja
             ... wielding a +0 halberd
              (46 damage)
             ... on level 4 of the Snake Pit.
             The game lasted 01:06:20 (28298 turns).

BubbleThief the Warrior (Barachi Ice Elementalist) Turns: 28298, Time: 01:06:21

Health: -42/148    AC: 19    Str: 34    XL:     17   Next: 61%
Magic:  17/28      EV: 20    Int: 31    God:    Cheibriados [******]
Gold:   3004       SH: 22    Dex: 33    Spells: 22/31 levels left

rFire   . .          .
                       - Unarmed
rCold   . . .        K - +2 kite shield {rPois}
rNeg    . . .        y - melded +4 ring mail "Erri" {Fly Str+3}
rPois   +            T - +1 helmet
rElec   .            x - scarf {repulsion}
rCorr   .            A - +1 pair of gloves
SInv    .            V - +0 pair of boots
Will    ++...        j - amulet of reflection
Stlth   +++          N - ring "Nepucih" {Will+ Str+6 Int-2 Dex+3 Slay+4}
HPRegen 0.44/turn    E - +4 ring of protection
MPRegen 0.21/turn

%: repel missiles, reflection
@: lethally poisoned (-42 -> -64), ice-armoured, maw-form, weakened, slowed,
constricted, studying Polearms, very slow
A: devouring maw, amphibious, slowness 1, strong legs 2, +LOS
a: Hop, Begin Untransformation, Renounce Religion, Bend Time, Temporal
Distortion, Slouch, Step From Time


You were on level 4 of the Snake Pit.
You worshipped Cheibriados.
Cheibriados was exalted by your worship.
You were a creature with a mouth for a stomach.
You visited 6 branches of the dungeon, and saw 28 of its levels.
You also visited: Bailey.

You collected 3949 gold pieces.
You spent 945 gold pieces at shops.

Inventory:

Armour
 m - the +3 buckler of Pixekh {Fly rElec rF+}
   (You found it on level 3 of the Lair of Beasts)

   rF+:       It protects you from fire.
   rElec:     It insulates you from electricity.
   Fly:       It grants you flight.
 x - a scarf of repulsion (worn)
 y - the +4 ring mail "Erri" (melded) {Fly Str+3}
   (You found it on level 4 of the Dungeon)

   Str+3:     It affects your strength (+3).
   Fly:       It grants you flight.
 A - a +1 pair of gloves (worn)
 K - a +2 kite shield of poison resistance (worn)
 T - a +1 helmet (worn)
 V - a +0 pair of boots (worn)
Jewellery
 j - an amulet of reflection (around neck)
 p - a ring of protection from fire
 E - a +4 ring of protection (right hand)
 G - a ring of protection from cold
 H - a ring of positive energy
 J - a ring of protection from cold
 N - the ring "Nepucih" (left hand) {Will+ Str+6 Int-2 Dex+3 Slay+4}
   (You found it on level 8 of the Dungeon)

   [ring of strength]

   Str+6:     It affects your strength (+6).
   Int-2:     It affects your intelligence (-2).
   Dex+3:     It affects your dexterity (+3).
   Slay+4:    It affects your accuracy & damage with ranged weapons and melee
   (+4).
   Will+:     It increases your willpower.
 Q - a ring of wizardry
Talismans
 c - a granite talisman
 B - a maw talisman (active)
Wands
 R - a wand of digging (1)
Scrolls
 d - 4 scrolls of identify
 h - a scroll of revelation
 i - a scroll of fear
 k - 4 scrolls of fog
 q - a scroll of torment
 r - 5 scrolls of blinking
 C - 5 scrolls of teleportation
 D - 4 scrolls of amnesia
 F - 2 scrolls of poison
 O - a scroll of enchant weapon
Potions
 a - 5 potions of mutation
 b - 2 potions of magic
 e - 3 potions of enlightenment
 f - 5 potions of curing
 g - 3 potions of lignification
 l - 3 potions of ambrosia
 n - a potion of resistance
 o - 2 potions of invisibility
 s - 2 potions of cancellation
 v - 2 potions of might
 z - 8 potions of brilliance
 I - 8 potions of heal wounds
 L - a potion of berserk rage
 S - 5 potions of attraction


   Skills:
 + Level 17.4 Fighting
 - Level 3.4 Armour
 + Level 14.7 Dodging
 - Level 1.7 Stealth
 + Level 8.7 Shields
 + Level 17.0 Unarmed Combat
 - Level 7.5 Spellcasting
 - Level 10.1 Ice Magic
 + Level 8.8 Invocations
 + Level 14.2 Shapeshifting


You had 22 spell levels left.
You knew the following spells:

 Your Spells              Type           Power      Damage    Failure   Level
b - Frozen Ramparts       Ice            100%       1d16      1%          3
c - Ozocubu's Armour      Ice            65%        N/A       1%          3
d - Summon Ice Beast      Ice/Summ       43%        N/A       2%          3

Your spell library contained the following spells:

 Spells                   Type           Power      Damage    Failure   Level
 Freeze                   Ice            100%       1d10      1%          1
 Hailstorm                Conj/Ice       43%        3d9       2%          3
 Apportation              Tloc           22%        N/A       7%          1
 Kiss of Death            Conj/Necr      44%        2d8       7%          1
 Magic Dart               Conj           44%        1d5       7%          1
 Necrotise                Necr           44%        1d6       7%          1
 Sting                    Conj/Alch      44%        1d5       7%          1
 Summon Small Mammal      Summ           44%        N/A       7%          1
 Jinxbite                 Hex            22%        N/A       10%         2
 Mercury Vapours          Alch/Air       22%        N/A       10%         2
 Searing Ray              Conj           22%        2d5       10%         2
 Confusing Touch          Hex            11%        N/A       21%         3
 Dazzling Flash           Conj/Hex       22%        N/A       21%         3
 Gell's Gravitas          Tloc           11%        N/A       21%         3
 Sigil of Binding         Hex            11%        N/A       21%         3
 Stone Arrow              Conj/Erth      22%        3d8       21%         3
 Teleport Other           Tloc           11%        N/A       21%         3
 Tukima's Dance           Hex            11%        N/A       21%         3
 Volatile Blastmotes      Fire/Tloc      22%        2d11      21%         3
 Animate Armour           Summ/Erth      22%        N/A       54%         4
 Dimensional Bullseye     Hex/Tloc       5%         N/A       54%         4
 Dispel Undead            Necr           11%        3d9       54%         4
 Fulminant Prism          Conj/Alch      5%         3d7       54%         4
 Ignite Poison            Fire/Alch      11%        N/A       54%         4
 Iskenderun's Mystic Bla  Conj/Tloc      11%        2d4       54%         4
 Olgreb's Toxic Radiance  Alch           11%        N/A       54%         4
 Sticky Flame             Fire/Alch      11%        2d5       54%         4
 Summon Lightning Spire   Summ/Air       11%        N/A       54%         4
 Sculpt Simulacrum        Ice/Alch       21%        N/A       77%         6
 Alistair's Intoxication  Alch           7%         N/A       88%         5
 Lee's Rapid Deconstruct  Erth           5%         3d6*      88%         5
 Silence                  Hex/Air        5%         N/A       88%         5
 Summon Mana Viper        Hex/Summ       11%        N/A       88%         5
 Yara's Violent Unravell  Hex/Alch       5%         3d4       88%         5
 Bombard                  Conj/Erth      5%         9d2       100%        6
 Dispersal                Tloc           5%         N/A       100%        6
 Starburst                Conj/Fire      5%         6d4       100%        6
 Enfeeble                 Hex            5%         N/A       100%        7
 Monstrous Menagerie      Summ           5%         N/A       100%        7
 Summon Hydra             Summ           5%         N/A       100%        7
 Ignition                 Fire           5%         3d4       100%        8
 Lehudib's Crystal Spear  Conj/Erth      5%         10d3      100%        8
 Maxwell's Capacitive Co  Air            5%         ∞         100%        8


Dungeon Overview and Level Annotations

Branches:
Dungeon (15/15)            Temple (1/1) D:6            Lair (5/5) D:9
  Swamp (0/4) Lair:3        Snake (4/4) Lair:3        Slime (0/5) Lair:5
    Orc (2/2) D:10            Elf (0/3) Orc:2        Vaults (0/5) D:14
 Depths (1/4) D:15         Bailey (visited)

Altars:
Ashenzari
Cheibriados
Dithmenos
Elyvilon
Fedhas
Gozag
Hepliaklqana
Kikubaaqudgha
Makhleb
Nemelex Xobeh
Okawaru
Qazlal
Ru
Sif Muna
Trog
Uskayaw
Vehumet
Wu Jian
Xom
Yredelemnul
Zin
The Shining One
Beogh
Jiyva

Shops:
D:7 [   D:9 [   D:10 [[   Orc:2 **(   Snake:1 =

Annotations:
Lair:2 exclusion: oklob plant


Innate Abilities, Weirdness & Mutations

You are a creature with a mouth for a stomach.
Your midsection houses a second, enormous mouth.
You are amphibious.
You cover ground slowly.
You can hop long distances.
You have an extended range of vision and can be seen from far away.


Message History

* * * LOW HITPOINT WARNING * * *
The nagaraja grabs you. The nagaraja constricts you.
* * * LOW HITPOINT WARNING * * *
The naga ritualist mumbles some strange prayers to its god.
The naga ritualist begins to radiate toxic energy.
* * * LOW HITPOINT WARNING * * *
You are more poisoned.
You block the naga mage's attack. You block the naga's attack.
The naga hits you from afar with a +0 halberd.
* * * LOW HITPOINT WARNING * * *
The guardian serpent misses you. The nagaraja casts a spell at you.
The poison arrow hits you!
You are more poisoned.
You partially resist.
* * * LOW HITPOINT WARNING * * *
The naga hits you with a +0 short sword!
* * * LOW HITPOINT WARNING * * *
The guardian serpent hits you.
* * * LOW HITPOINT WARNING * * *
You feel better.
* * * LOW HITPOINT WARNING * * *
You are poisoned.
You block the nagaraja's attack. The nagaraja constricts you.
* * * LOW HITPOINT WARNING * * *
You block the guardian serpent's attack.
You block the naga mage's attack. The naga completely misses you.
The nagaraja spits poison at you. The splash of poison misses you.
The guardian serpent closely misses you.
The naga spits poison at you. The splash of poison hits you.
You are lethally poisoned!
You have difficulty breathing.
* * * LOW HITPOINT WARNING * * *
You feel yourself slow down.
* * * LOW HITPOINT WARNING * * *
The nagaraja hits you with a +0 halberd!!!
You die...
Cheibriados appreciates the motionlessness of death.

##.......#### #......#
#...#.#)## #......#
#...[.#.## #......#
#.....))#### #......#
#..........#####......##
##......................
###..............#.....
####.......S.N.......
#####...NWSN......
######)NN...## NNN...#
N.N...# N.....# ......#
.....N# .....N..
........


You could see 2 nagarajas, a naga warrior, a naga sharpshooter (strong), 2 naga
ritualists, 2 guardian serpents, 2 naga magi and 5 nagas.

Vanquished Creatures
  Agnes (D:14)
  Kirke (D:15)
  3 nagarajas
  A frost giant (D:15)
  An orc warlord (Orc:2)
  A fire dragon (Lair:5)
  The ghost of gimp the Thaumaturge, a journeyman DjHW of Makhleb (D:10)
  An ogre mage (Orc:1)
  5 hydras
  A salamander tyrant (Snake:4)
  A rakshasa (D:15)
  8 vault guards (D:14)
  3 centaur warriors
  10 anacondas
  An alligator (Lair:3)
  A catoblepas (Lair:2)
  7 boulder beetles
  5 two-headed ogres
  10 death yaks
  10 naga sharpshooters
  2 tengu warriors (D:15)
  A naga warrior (Snake:4)
  Sonja (D:11)
  3 shock serpents
  Nergalle (D:11)
  Lodul (D:11)
  2 salamander mystics (Snake:4)
  3 skeletal warriors (D:13)
  A skyshark (Lair:5)
  3 mana vipers (Snake:1)
  3 naga ritualists (Snake:1)
  3 lindwurms (Lair:5)
  10 orc knights
  14 ugly things
  7 cyclopes
  4 orc sorcerers (Orc:2)
  3 manticores
  6 salamanders
  9 elephants
  2 gargoyles
  A kobold blastminer (Orc:2)
  23 black mambas
  12 naga magi
  3 kobold demonologists
  6 torpor snails
  6 rime drakes
  3 unseen horrors (D:12)
  Maggie (D:7)
  16 cane toads
  6 komodo dragons
  8 trolls
  A queen bee (Lair:2)
  A troll (shapeshifter) (D:15)
  9 hornets
  3 tyrant leeches (Lair:5)
  4 polar bears
  A dream sheep (Lair:5)
  Prince Ribbit (D:5)
  26 blink frogs
  5 slime creatures
  5 shadows
  2 vampires
  6 wyverns
  3 wraiths
  8 spriggans
  3 steam dragons
  6 basilisks
  62 yaks
  4 hogs (D:15)
  30 nagas
  10 wargs
  4 vampire mosquitoes (D:12)
  An acid dragon (D:11)
  15 water moccasins
  6 two-headed ogre zombies (Orc:1)
  36 orc warriors
  4 sky beasts
  4 black bears
  An ice beast (D:6)
  2 laughing skulls (D:13)
  16 ogres
  14 wolves
  6 centaurs
  2 phantoms
  3 kobold brigands (D:7)
  12 bullfrogs
  2 scorpions
  4 wights (D:8)
  44 killer bees
  6 howler monkeys
  3 electric eels (Lair:5)
  3 bombardier beetles
  7 jellies
  19 orc priests
  31 orc wizards
  3 iguanas
  A hell rat (Lair:2)
  14 ogre zombies (Orc:1)
  3 adders
  4 gnolls
  2 ufetubi (D:5)
  7 dart slugs (D:3)
  6 ribbon worms
  105 orcs
  6 bats
  5 endoplasms
  9 giant cockroaches
  15 goblins
  16 hobgoblins
  3 jackals (D:1)
  18 kobolds
  4 quokkas
  11 ball pythons
  7 frilled lizards
  10 rats
920 creatures vanquished.

Vanquished Creatures (collateral kills)
  Nessos (Lair:5)
  2 hydras
  A two-headed ogre (Bailey)
  2 death yaks (Lair:4)
  A hornet (D:9)
  3 blink frogs
  A spriggan (D:10)
  9 yaks
  A hog (D:15)
  A naga (Lair:3)
  An orc warrior (Orc:2)
  An ice beast (D:6)
  3 wolves
  A wight (D:8)
  A howler monkey (D:9)
  A jelly (D:5)
  A gnoll bouda (D:7)
  An orc priest (D:7)
  An orc wizard (Orc:2)
  A gnoll (D:7)
  4 hobgoblins (D:7)
  2 kobolds (D:7)
40 creatures vanquished.

Vanquished Creatures (others)
  A water moccasin (Lair:1)
1 creature vanquished.

Grand Total: 961 creatures vanquished

Notes
Turn   | Place    | Note
-------+----------+-------------------------------------------
     0 | D:1      | BubbleThief the Barachi Ice Elementalist began the quest
                  | for the Orb.
     0 | D:1      | Reached XP level 1. HP: 13/13 MP: 3/3
     1 | D:1      | Found a runed translucent door.
    24 | D:1      | Reached skill level 5 in Ice Magic
   173 | D:1      | Reached XP level 2. HP: 19/19 MP: 3/5
   698 | D:1      | Reached XP level 3. HP: 24/24 MP: 5/7
   985 | D:1      | Learned a level 3 spell: Frozen Ramparts
   989 | D:1      | Learned a level 3 spell: Ozocubu's Armour
  1186 | D:1      | Reached XP level 4. HP: 24/30 MP: 5/8
  1263 | D:2      | Found a shimmering altar of Xom.
  2217 | D:3      | Reached XP level 5. HP: 32/35 MP: 3/10
  2945 | D:3      | Found a glowing silver altar of Zin.
  3293 | D:4      | Reached skill level 1 in Fighting
  3293 | D:4      | Reached XP level 6. HP: 42/43 MP: 6/11
  3354 | D:4      | Identified the +4 ring mail "Erri" {Fly Str+3}
  3546 | D:4      | Found a shadowy altar of Dithmenos.
  3638 | D:4      | Found a shimmering altar of Xom.
  4392 | D:5      | Entered Level 5 of the Dungeon
  4619 | D:6      | Reached XP level 7. HP: 14/51 MP: 2/13
  4757 | D:6      | Found a staircase to the Ecumenical Temple.
  4778 | Temple   | Entered the Ecumenical Temple
  4785 | Temple   | Became a worshipper of Cheibriados the Contemplative
  4809 | D:6      | Noticed a two-headed ogre
  4819 | D:6      | Killed a two-headed ogre
  4820 | D:6      | Reached skill level 5 in Spellcasting
  4820 | D:6      | Reached XP level 8. HP: 54/61 MP: 1/16
  4834 | D:6      | Reached skill level 10 in Ice Magic
  4838 | D:6      | Noticed a two-headed ogre
  4917 | D:6      | Killed a two-headed ogre
  4918 | D:6      | Reached skill level 5 in Fighting
  4918 | D:6      | Reached XP level 9. HP: 51/69 MP: 4/18
  4923 | D:6      | Learned a level 3 spell: Summon Ice Beast
  5283 | D:6      | Got the Compilation of the Collected Evil Eye
  6088 | D:5      | Noticed Prince Ribbit
  6098 | D:5      | Killed Prince Ribbit
  6268 | D:5      | Reached * piety under Cheibriados
  6274 | D:5      | Reached skill level 1 in Shapeshifting
  6542 | D:7      | Reached skill level 1 in Unarmed Combat
  6746 | D:7      | Found a flagged portal.
  6751 | Bailey   | Entered a bailey
  6845 | Bailey   | Reached skill level 5 in Shapeshifting
  6845 | Bailey   | Reached XP level 10. HP: 69/79 MP: 15/21
  6864 | Bailey   | Reached ** piety under Cheibriados
  7095 | Bailey   | Noticed a two-headed ogre
  7107 | Bailey   | Killed a two-headed ogre
  7266 | Bailey   | Identified the +1 acid dragon scales "Xauxaqoan" {^Contam
                  | Rampage +Inv rCorr MP+9}
  7421 | D:7      | Reached skill level 5 in Unarmed Combat
  7659 | D:7      | Found Ysut's Armour Emporium.
  7665 | D:7      | Bought a +2 kite shield of poison resistance for 259 gold
                  | pieces
  7673 | D:7      | Reached skill level 10 in Shapeshifting
  7803 | D:7      | Found a shimmering blue altar of Sif Muna.
  7971 | D:7      | Noticed Maggie
  7978 | D:7      | Reached *** piety under Cheibriados
  7979 | D:7      | Killed Maggie
  8202 | D:7      | Found an iron altar of Okawaru.
  8221 | D:7      | Reached XP level 11. HP: 58/84 MP: 15/22
  8677 | D:8      | Identified the ring "Nepucih" {Will+ Str+6 Int-2 Dex+3
                  | Slay+4}
  8781 | D:8      | Identified the +0 leather armour "Buequsedap" {rElec Int+4}
  8786 | D:8      | Reached **** piety under Cheibriados
  8976 | D:8      | Found Battept's Magic Scroll Shoppe.
  9069 | D:8      | Found a roughly hewn altar of Beogh.
  9239 | D:8      | Found a hazy altar of Hepliaklqana.
  9379 | D:9      | Reached ***** piety under Cheibriados
  9437 | D:9      | Found Mapn's Armour Emporium.
  9548 | D:9      | Noticed a two-headed ogre
  9554 | D:9      | Killed a two-headed ogre
  9564 | D:9      | Paralysed by a hornet for 1 turns
  9580 | D:9      | HP: 2/84 [something (3)]
  9838 | D:9      | Found a staircase to the Lair.
 10027 | D:9      | Found a basalt altar of Yredelemnul.
 10183 | D:9      | Found a radiant altar of Vehumet.
 10309 | Lair:1   | Entered Level 1 of the Lair of Beasts
 10522 | Lair:1   | Reached skill level 5 in Dodging
 10687 | Lair:1   | Reached XP level 12. HP: 94/94 MP: 17/23
 11011 | Lair:1   | Reached ****** piety under Cheibriados
 11013 | Lair:1   | Reached skill level 10 in Unarmed Combat
 11236 | Lair:1   | Identified the +12 quarterstaff of the Cursing Stork
                  | {speed, ^Drain rC- rN+++ Dex+6}
 11310 | Lair:1   | Reached skill level 10 in Fighting
 11994 | Lair:2   | Gained mutation: You can hop long distances. [Barachi
                  | growth]
 11994 | Lair:2   | Reached XP level 13. HP: 101/106 MP: 18/24
 12509 | Lair:2   | Identified the +6 short sword "Sawkosun" {venom, rC+ Dex+2}
 13855 | Lair:3   | Reached skill level 10 in Dodging
 13954 | Lair:3   | Identified the +3 buckler of Pixekh {Fly rElec rF+}
 14172 | Lair:3   | Found a staircase to the Swamp.
 14376 | Lair:3   | Found a staircase to the Snake Pit.
 14769 | Lair:4   | Reached XP level 14. HP: 101/118 MP: 19/25
 14879 | Lair:4   | Identified the +4 spear "Heklenau" {flame, rF- Will+ Int+5
                  | Stlth+}
 15882 | Lair:5   | Entered Level 5 of the Lair of Beasts
 16733 | Lair:5   | Noticed Nessos
 16739 | Lair:5   | Killed Nessos
 17106 | Lair:5   | Reached skill level 1 in Invocations
 17207 | Lair:5   | Identified a scroll of acquirement
 17207 | Lair:5   | Acquired 782 gold pieces
 17627 | Lair:5   | Found a staircase to the Slime Pits.
 17627 | Lair:5   | Found a viscous altar of Jiyva.
 17821 | Lair:5   | Reached skill level 15 in Fighting
 18007 | Lair:5   | Reached XP level 15. HP: 77/129 MP: 26/26
 18512 | D:10     | Entered Level 10 of the Dungeon
 18525 | D:10     | Reached skill level 1 in Shields
 18532 | D:10     | Found a staircase to the Orcish Mines.
 18536 | D:10     | Found Kaammaep's Armour Boutique.
 18546 | D:10     | Found Acaabomuisk's Antique Armour Boutique.
 18590 | D:10     | Bought a pair of glowing gloves for 225 gold pieces
 18766 | D:10     | Identified the +8 spear of Ibaji {heavy, rElec rC++ Int+2}
 18767 | D:10     | Found a runed translucent door.
 18767 | D:10     | Noticed gimp's ghost (journeyman DjHW)
 18883 | D:10     | Found a viscous altar of Jiyva.
 19070 | D:10     | Found a sacrificial altar of Ru.
 19070 | D:10     | Found a white marble altar of Elyvilon.
 19277 | D:10     | Killed gimp's ghost
 19405 | Orc:1    | Entered Level 1 of the Orcish Mines
 19452 | Orc:1    | Reached skill level 15 in Unarmed Combat
 19992 | Orc:2    | Entered Level 2 of the Orcish Mines
 20041 | Orc:2    | Noticed an orc warlord
 20056 | Orc:2    | Killed an orc warlord
 20134 | Orc:2    | Reached skill level 5 in Invocations
 20273 | Orc:2    | Found a roughly hewn altar of Beogh.
 20286 | Orc:2    | Found Etischejomn's Antique Armour Emporium.
 20322 | Orc:2    | Found Ibas's Assorted Antiques.
 20375 | Orc:2    | Bought a potion of heal wounds for 150 gold pieces
 20375 | Orc:2    | Bought a pair of boots for 135 gold pieces
 20375 | Orc:2    | Bought a scroll of identify for 60 gold pieces
 20689 | Orc:2    | Found a staircase to the Elven Halls.
 20794 | Orc:2    | Found Nivoax's Assorted Antiques.
 20837 | Orc:2    | Bought a fizzy orange potion for 29 gold pieces
 20837 | Orc:2    | Bought a fizzy orange potion for 29 gold pieces
 20837 | Orc:2    | Bought a white potion for 29 gold pieces
 20837 | Orc:2    | Bought a fuming dark potion for 29 gold pieces
 20864 | Orc:2    | Found Kuipp's Antique Weapon Shoppe.
 21083 | D:11     | Noticed Lodul
 21095 | D:11     | Killed Lodul
 21421 | D:11     | Noticed Sonja
 21435 | D:11     | Killed Sonja
 21516 | D:11     | Noticed Nergalle
 21527 | D:11     | Killed Nergalle
 21915 | D:12     | Got Qyask's Disquisition on Profulgent Ouranomancy
 22029 | D:12     | Found a radiant altar of Vehumet.
 22317 | D:12     | Reached XP level 16. HP: 138/138 MP: 27/27
 22624 | D:13     | Reached skill level 5 in Shields
 23161 | D:14     | Found a gate to the Vaults.
 23584 | D:14     | Noticed Agnes
 23595 | D:14     | Killed Agnes
 23885 | D:14     | Found an opulent altar of Gozag.
 23990 | D:15     | Entered Level 15 of the Dungeon
 24097 | D:15     | Found a staircase to the Depths.
 24638 | D:15     | Noticed Kirke
 24652 | D:15     | Killed Kirke
 24724 | D:15     | Found a hazy altar of Hepliaklqana.
 25239 | Depths:1 | Entered Level 1 of the Depths
 25431 | Snake:1  | Entered Level 1 of the Snake Pit
 25617 | Snake:1  | Found Kamesour's Jewellery Boutique.
 26173 | Snake:1  | Reached XP level 17. HP: 114/146 MP: 25/28
 27527 | Snake:3  | Identified the +4 chain mail of Rationality {rC+}
 27912 | Snake:4  | Entered Level 4 of the Snake Pit
 28298 | Snake:4  | HP: 5/148 [asphyx]
 28298 | Snake:4  | Annihilated by a nagaraja

Illustrated notes

Levels and vault maps discovered:
D:1:      dpeg_arrival_caged_fury, layout_basic
D:2:      layout_loops_ring, basic_altar
D:3:      kennysheep_slugbush, layout_loops_ring, zin_academy
D:4:      layout_basic, kennysheep_mini_moat, old_standard_altar
D:5:      layout_basic, kennysheep_nondescript,
          minmay_a_box_with_orc_wizards_in_it, uniq_prince_ribbit1
D:6:      layout_loops_cross, minmay_temple_entry_tees, minmay_manual_monstrance
D:7:      kennysheep_housing_project, layout_loops_ring,
          mainiacjoe_overflow_paths, kennysheep_little_box, enter_bailey_3,
          serial_shops, shop, uniq_maggie
D:8:      layout_rooms, general_overflow_altar, special_room [special_room_orc],
          serial_shops, nicolae_shop_statue_plus
D:9:      layout_gridville, mainiacjoe_overflow_catwalk,
          mainiacjoe_overflow_surrounded_room, due_lair_maze_entry_diamond,
          serial_shops, nicolae_take_the_stairs, reono_crystal_passage
D:10:     layout_loops_ring, gammafunk_temple_overflow_elements, orc_david_3,
          serial_shops, shop, ebering_ghost_funeral_grove, jiyva_altar_1
D:11:     layout_loops_cross, hangedman_decor_slide_cut, uniq_sonja,
          uniq_nergalle, uniq_lodul
D:12:     layout_long_grid, nicolae_vehumet_radiance
D:13:     layout_rooms
D:14:     layout_loops_ring, erik_vaults_2, grunt_gozag_breadcrumbs, uniq_agnes
D:15:     grunt_enter_depths_snipers, layout_stronghold,
          nicolae_hepliaklqana_hippocampus, uniq_kirke
Temple:   nicolae_temple_no_exploring_needed
Lair:1:   layout_misc_corridors, lemuel_old_faithful, lemuel_fruit_fields,
          grunt_megastairs_2, infiniplex_staircase_pool_2
Lair:2:   regret_index_combs_of_tragedy, layout_small_grid,
          nicolae_quartered_pool_little, chequers_serial_rivers_micro_e,
          st_stairs_10, minmay_lair_oklob_bushes
Lair:3:   layout_gridlike, mainiacjoe_swamp_entry_lozenge_pond,
          nicolae_snake_entry_squirm, minivault_24
Lair:4:   layout_small_grid, beast_lair_carwin_1, serial_bayou_shore_b
Lair:5:   wormcave, layout_regular_city, minmay_slime_entry_pillars,
          serial_bayou, serial_bayou_lake_a, serial_bayou_lagoon_a,
          serial_bayou_pond_b, serial_bayou_lagoon_b, hellmonk_talismancer,
          uniq_nessos
Snake:1:  layout_grid_shapes, serial_shops, shop
Snake:2:  nicolae_snake_attic_fulla_snakes, layout_concentric_octagons
Snake:3:  layout_gridlike
Snake:4:  minmay_snake_end_coiled, layout_misc_corridors
Orc:1:    lemuel_ogre_cave, layout_diamond_mine, nicolae_orc_sculptors_studio,
          uniq_maurice
Orc:2:    st_orc_town, layout_caves
Depths:1: layout_cave_shapes, abyss_entry_small_statue_room,
          grunt_hell_entry_dis_old, minmay_misc_feat_encased, chequers_jeans,
          minivault_16, grunt_ministairs_10, kennysheep_generic_room_2,
          serial_bayou_shore_b, minmay_shop_grove

Skill      XL: |  1  2  3  4  5  6  7  8  9 10 11 12 13 14 15 16 17 |
---------------+----------------------------------------------------+-----
Ice Magic      | 5 6 7 8 9 10 | 10.1
Spellcasting   | 3 4 5 6 7 |  7.5
Fighting       | 1 2 4 5 7 8 11 13 15 16 17 | 17.4
Armour         | 3 |  3.4
Dodging        | 3 4 5 8 10 12 13 14 | 14.7
Shapeshifting  | 5 11 14 | 14.2
Unarmed Combat | 2 6 9 11 13 14 15 16 17 | 17.0
Invocations    | 2 6 7 8 |  8.8
Shields        | 4 7 8 |  8.7
Stealth        | |  1.7

Action                     |  1- 3 |  4- 6 |  7- 9 | 10-12 | 13-15 | 16-18 || total
---------------------------+-------+-------+-------+-------+-------+-------++-------
  Melee: Dagger            |    17 |    56 |       |       |       |       ||    73
         Short sword       |       |    25 |    74 |     5 |       |       ||   104
         Unarmed           |       |       |       |   325 |   853 |   417 ||  1595
         Maw               |       |       |       |       |   134 |   164 ||   298
   Cast: Freeze            |    37 |    74 |    22 |     8 |       |       ||   141
         Frozen Ramparts   |     2 |    15 |    22 |    64 |    90 |    12 ||   205
         Ozocubu's Armour  |       |     3 |    16 |    29 |    61 |    17 ||   126
         Summon Ice Beast  |       |       |     2 |    18 |    22 |     2 ||    44
Ability: Hop               |       |     1 |       |       |       |       ||     1
  Evoke: Wand              |       |       |     3 |     4 |     4 |       ||    11
         Box of beasts     |       |       |       |       |     1 |       ||     1
    Use: Scroll            |       |       |     2 |     4 |    22 |     4 ||    32
         Potion            |       |       |       |     2 |       |     1 ||     3
   Stab: Sleeping          |     2 |     4 |       |       |     7 |    12 ||    25
         Distracted        |       |       |       |     2 |     3 |     2 ||     7
 Armour: Robe              |    18 |    51 |       |       |       |       ||    69
         Ring mail         |       |    96 |    63 |    23 |       |       ||   182
         Skin              |       |       |       |   149 |   211 |   160 ||   520
  Dodge: Dodged            |    25 |    98 |    38 |   362 |   705 |   293 ||  1521
         Repelled          |       |     5 |     2 |     9 |    23 |    26 ||    65
  Block: Other             |       |       |       |       |    58 |       ||    58
         Reflection        |       |       |       |       |    22 |    64 ||    86
         Buckler           |       |       |       |       |   231 |    89 ||   320
         Kite shield       |       |       |       |       |       |   392 ||   392
   Form: Flux              |       |       |       |     1 |       |       ||     1
         Maw               |       |       |       |       |     1 |       ||     1

Table legend: (Time is in decaauts)
 A = Elapsed time spent in this place.
 B = Non-inter-level travel time spent in this place.
 C = Inter-level travel time spent in this place.
 D = Time resting spent in this place.
 E = Time spent auto-exploring this place.
 F = Levels seen in this place.
 G = Mean time per level.
                   A        B        C        D        E       F      G
               +--------+--------+--------+--------+--------+-----+--------+
         Total |  45324 |  42681 |   2643 |    777 |  35069 |  29 | 1562.9 |
       Dungeon |  22968 |  21468 |   1500 |    226 |  18021 |  15 | 1531.2 |
        Temple |     18 |      2 |     16 |      0 |      0 |   1 |   18.0 |
          Lair |  13350 |  12635 |    715 |    233 |  10519 |   5 | 2670.0 |
     Snake Pit |   5284 |   5133 |    151 |    117 |   4068 |   4 | 1321.0 |
  Orcish Mines |   3014 |   2755 |    259 |      4 |   2175 |   2 | 1507.0 |
        Depths |      1 |      1 |      0 |      0 |      0 |   1 |    1.0 |
        Bailey |    685 |    685 |      0 |    196 |    284 |   1 |  685.0 |
               +--------+--------+--------+--------+--------+-----+--------+

Top non-repeatable levels by time:
  Lair:5: 3707 daAuts
  Lair:2: 3024 daAuts
    D:15: 2539 daAuts
     D:7: 2382 daAuts
  Lair:3: 2336 daAuts
  Lair:4: 2187 daAuts
  Lair:1: 2093 daAuts
 Snake:2: 1869 daAuts
    D:14: 1853 daAuts
    D:10: 1840 daAuts
     D:9: 1688 daAuts
    D:11: 1670 daAuts
   Orc:2: 1659 daAuts
 Snake:1: 1623 daAuts
     D:6: 1531 daAuts
